 Dungeon Crawl Stone Soup version 0.22.1-2-g9c5b331383 (webtiles) character file.

2475 Knicklaso the Digger (level 9, -5/55 HPs)
             Began as a Gargoyle Earth Elementalist on Dec 10, 2018.
             Was a Follower of Qazlal.
             Slain by an orc warrior
             ... wielding a +0 scimitar
              (7 damage)
             ... on level 8 of the Dungeon.
             The game lasted 00:18:28 (7435 turns).

Knicklaso the Digger (Gargoyle Earth Elementalist)  Turns: 7435, Time: 00:18:30

Health: -5/55      AC: 14    Str: 12    XL:     9   Next: 51%
Magic:  12/14      EV: 12    Int: 19    God:    Qazlal [*.....]
Gold:   338        SH:  2    Dex: 10    Spells: 11/14 levels left

rFire    + . .     SeeInvis .   a - staff of earth
rCold    x . .     Gourm    .   (no shield)
rNeg     + . .     Faith    .   G - +2 robe {MR+}
rPois    ∞         Spirit   .   (no helmet)
rElec    +         Reflect  .   f - scarf {repulsion}
rCorr    .         Harm     .   B - +2 pair of gloves
MR       +....                  (no boots)
Stlth    ++........             (no amulet)
HPRegen  0.18/turn              s - ring of poison resistance
MPRegen  0.14/turn              g - ring of fire

@: repel missiles
A: negative energy resistance 1, electricity resistance, unbreathing,
petrification resistance, rot immunity, AC +6
a: Renounce Religion


You were on level 8 of the Dungeon.
You worshipped Qazlal.
Qazlal was aware of your devotion.
You were not hungry.

You visited 2 branches of the dungeon, and saw 9 of its levels.

You collected 338 gold pieces.

Inventory:

Hand Weapons
 b - a +0 arbalest
 y - a +1 dagger of electrocution
 F - a +2 vampiric dagger
Missiles
 n - 129 stones (quivered)
 o - 74 bolts
Armour
 f - a scarf of repulsion (worn)
 B - a +2 pair of gloves (worn)
 G - a +2 robe of magic resistance (worn)
Magical Staves
 a - an uncursed staff of earth (weapon)
Jewellery
 g - a ring of fire (right hand)
 s - a ring of poison resistance (left hand)
 J - a cursed ring of attention {unknown}
 K - an uncursed ring of stealth {unknown}
 M - an uncursed ring of magical power {unknown}
Wands
 w - a wand of disintegration (12)
 C - a wand of acid (8)
 L - a wand of scattershot (3)
 O - a wand of digging (16)
Scrolls
 c - a scroll of holy word {unknown}
 h - 10 scrolls of identify {unknown}
 i - 5 scrolls of teleportation {unknown}
 j - 6 scrolls of remove curse {unknown}
 l - 2 scrolls of amnesia {unknown}
 m - a scroll of noise {unknown}
 t - a scroll of magic mapping {unknown}
 v - 3 scrolls of fog {unknown}
 A - 3 scrolls of blinking {unknown}
 E - 2 scrolls of immolation {unknown}
 H - a scroll of fear {unknown}
 I - a scroll of enchant weapon {unknown}
Potions
 e - a potion of might
 k - a potion of ambrosia {unknown}
 p - 5 potions of curing {unknown}
 q - a potion of cancellation {unknown}
 r - a potion of lignification {unknown}
 u - a potion of berserk rage {unknown}
 x - 2 potions of mutation {unknown}
 z - 2 potions of haste {unknown}
 D - a potion of heal wounds {unknown}
Comestibles
 d - 22 rations


   Skills:
 + Level 5.9 Fighting
 * Level 6.2 Staves
 + Level 5.9 Armour
 - Level 1.5 Dodging
 - Level 2.1 Stealth
 - Level 3.4 Spellcasting
 - Level 0.7 Transmutations
 + Level 6.8 Earth Magic
 + Level 3.9 Evocations


You had 11 spell levels left.
You knew the following spells:

 Your Spells              Type           Power        Failure   Level  Hunger
a - Sandblast             Erth           #####.       1%          1    None
b - Passwall              Tmut/Erth      ####....     4%          2    ##.....

Your spell library contained the following spells:

 Spells                   Type           Power        Failure   Level  Hunger
 Stone Arrow              Conj/Erth      ###...       11%         3    ###....
 Lee's Rapid Deconstruct  Erth           #####.....   24%         5    ######.
 Petrify                  Tmut/Erth      ####....     30%         4    ####...


Dungeon Overview and Level Annotations

Branches:
Dungeon (8/15)             Temple (1/1) D:6
   Lair: D:8-11

Altars:
Ashenzari
Cheibriados
Dithmenos
Elyvilon
Fedhas
Gozag
Hepliaklqana
Kikubaaqudgha
Makhleb
Nemelex Xobeh
Okawaru
Qazlal
Ru
Sif Muna
Trog
Uskayaw
Wu Jian
Xom
Yredelemnul
Zin
The Shining One

Annotations:
D:5 Eustachio


Innate Abilities, Weirdness & Mutations

You are resistant to torment.
Your stone body is resilient. (AC +6)
You are immune to poison.
You resist negative energy. (rN+)
You are resistant to electric shocks. (rElec)
You can survive without breathing.
You are immune to petrification.
You are immune to rotting.


Message History

You feel a surge of power!
The blast of sand hits the orc wizard.
You kill the orc wizard!
Qazlal accepts your kill.
n - 129 stones The orc warrior hits you but does no damage.
Things that are here:
a dagger; a robe; an orc corpse
Casting: Sandblast (safe; 1% risk of failure)
Confirm with . or Enter, or press ? or * to list all spells.
Aiming: Passwall (safe; 4% risk of failure)
Press: ? - help, Dir - move target cursor A rock wall.
You feel a surge of power!
The orc warrior hits you but does no damage.
You begin to meditate on the wall.
You continue meditating on the rock.
The orc warrior hits you with a scimitar!
* * * LOW HITPOINT WARNING * * *
You continue meditating on the rock.
The orc warrior hits you with a scimitar!
You die...

#.........#####
#.............#
##########.##.#
################.##.#
....................#
.................####
#####.o...######.#
#..'.....'...####
#.##.....###...@#
#.##.....# #..#o#
#.######## #..#o# #.#
######..#.# #.#
#.......#.# #.#
#.#####.#.# #.#
#....<#.#.#
##.###########.#.#
#.....)o..)....#.#


You could see an orc warrior and an orc.

Vanquished Creatures
  Grinder (D:6)
  Menkaure (D:6)
  Duvessa (D:6)
  A water moccasin (D:7)
  An orc warrior (D:8)
  A sky beast (D:5)
  A hornet zombie (D:6)
  An ice beast (D:4)
  3 ogres
  A big kobold (D:7)
  5 bullfrogs
  Dowan (D:6)
  A wyvern skeleton (D:8)
  2 howler monkeys (D:4)
  3 crimson imps
  A centaur zombie (D:7)
  2 hounds
  4 jellies
  2 bullfrog skeletons
  An orc wizard (D:8)
  3 iguanas
  4 worker ants
  A killer bee zombie (D:5)
  A hound zombie (D:6)
  6 adders
  A gnoll (D:2)
  A shadow imp (D:5)
  An ooze (D:2)
  5 worms
  3 dart slugs
  2 leopard geckos
  7 orcs
  4 giant cockroaches
  9 goblins
  4 hobgoblins
  6 jackals
  2 quokkas
  4 bats
  5 frilled lizards
  2 jackal skeletons
  10 kobolds
  2 quokka skeletons
  3 rats
120 creatures vanquished.

Notes
Turn   | Place    | Note
-------+----------+-------------------------------------------
     0 | D:1      | Knicklaso the Gargoyle Earth Elementalist began the quest
                  | for the Orb.
     0 | D:1      | Reached XP level 1. HP: 10/10 MP: 3/3
   104 | D:1      | Reached XP level 2. HP: 11/16 MP: 1/5
   445 | D:1      | Reached skill level 1 in Armour
   602 | D:1      | Reached skill level 1 in Fighting
   676 | D:1      | Reached XP level 3. HP: 18/20 MP: 6/6
  1102 | D:2      | Learned a level 2 spell: Passwall
  1288 | D:2      | Reached XP level 4. HP: 22/25 MP: 7/7
  2214 | D:3      | Reached skill level 5 in Earth Magic
  2214 | D:3      | Reached XP level 5. HP: 14/30 MP: 6/9
  3085 | D:4      | Noticed an ice beast
  3090 | D:4      | Killed an ice beast
  3090 | D:4      | Reached XP level 6. HP: 36/36 MP: 7/10
  3620 | D:4      | Reached XP level 7. HP: 36/41 MP: 12/12
  3638 | D:5      | Entered Level 5 of the Dungeon
  3782 | D:5      | Reached skill level 1 in Staves
  3861 | D:5      | Noticed Eustachio
  4078 | D:6      | Noticed Duvessa
  4078 | D:6      | Noticed Dowan
  4133 | D:6      | Killed Duvessa
  4133 | D:6      | Reached skill level 1 in Evocations
  4138 | D:6      | HP: 2/42 [Dowan/vampiric dagger (1)]
  4144 | D:6      | Killed Dowan
  4498 | D:6      | Found a staircase to the Ecumenical Temple.
  4511 | Temple   | Entered the Ecumenical Temple
  4786 | Temple   | Became a worshipper of Qazlal Stormbringer
  4837 | D:6      | Reached XP level 8. HP: 48/48 MP: 13/13
  4845 | D:6      | Noticed Grinder
  4851 | D:6      | Paralysed by Grinder for 7 turns
  4871 | D:6      | Killed Grinder
  5432 | D:6      | Noticed Menkaure
  5440 | D:6      | Killed Menkaure
  5440 | D:6      | Reached skill level 5 in Armour
  5725 | D:6      | Reached skill level 5 in Fighting
  5764 | D:6      | Reached skill level 5 in Staves
  6085 | D:7      | Reached XP level 9. HP: 54/54 MP: 14/14
  6339 | D:7      | Reached * piety under Qazlal
  7434 | D:8      | HP: 2/55 [orc warrior/scimitar (14)]
  7435 | D:8      | Slain by an orc warrior

Skill      XL: |  1  2  3  4  5  6  7  8  9 |
---------------+----------------------------+-----
Earth Magic    | 4 5 6 |  6.8
Armour         | 1 2 3 4 5 |  5.9
Fighting       | 1 2 3 5 |  5.9
Spellcasting   | 3 |  3.4
Staves         | 2 5 6 |  6.2
Evocations     | 1 3 |  3.9
Dodging        | |  1.5
Stealth        | |  2.1
Transmutations | |  0.7

Action                   |  1- 3 |  4- 6 |  7- 9 || total
-------------------------+-------+-------+-------++-------
Melee: Short sword       |    66 |       |       ||    66
       Dagger            |    19 |   128 |     3 ||   150
       Staff             |       |       |   293 ||   293
 Fire: Arbalest          |       |    16 |    41 ||    57
 Cast: Sandblast         |    11 |     8 |    47 ||    66
       Passwall          |       |       |     1 ||     1
  Use: Potion            |       |       |     3 ||     3
 Stab: Sleeping          |     3 |       |     1 ||     4
  Eat: Chunk             |     1 |     6 |    11 ||    18
       Ration            |       |       |     1 ||     1
Armor: Robe              |    23 |    38 |   125 ||   186
Dodge: Dodged            |    42 |    86 |   219 ||   347
       Deflected         |       |       |     3 ||     3
Block: Other             |       |       |     8 ||     8
